 Dungeon Crawl Stone Soup version 0.27.0-1-g7a089689b8 (console) character file.

Game seed: 11197370978281015957

13475 jejorda2 the Spear-Bearer (level 12, -3/70 HPs)
             Began as a Tengu Earth Elementalist on Aug 6, 2021.
             Was a High Priest of Elyvilon.
             Slain by a bullfrog (4 damage)
             ... on level 10 of the Dungeon.
             The game lasted 00:44:41 (14391 turns).

jejorda2 the Spear-Bearer (TeEE)                   Turns: 14391, Time: 00:44:42

Health: -3/70      AC: 24    Str: 16    XL:     12   Next: 6%
Magic:  18/18      EV: 13    Int: 18    God:    Elyvilon [*****.]
Gold:   663        SH:  6    Dex: 16    Spells: 15/15 levels left

rFire    + . .     SeeInvis .   a - +9 lance {slay drac, rPois rF+ rC+ AC+3}
rCold    + + .     Faith    .   f - +0 buckler
rNeg     . . .     Spirit   .   C - +3 ring mail {rC+}
rPois    +         Reflect  .   d - +2 hat {Int+3}
rElec    .         Harm     .   g - +2 cloak {rPois}
rCorr    .         Rampage  .   n - +2 pair of gloves {Str+3}
Will     +....                  (boots unavailable)
Stlth    +.........             (no amulet)
HPRegen  0.21/turn              o - +4 ring of protection
MPRegen  0.16/turn              e - ring of willpower

@: flying quickly and evasively, quick
A: beak, talons 3, nimble flight
a: Renounce Religion, Lesser Healing, Heal Other, Purification, Greater Healing,
Divine Vigour, Divine Protection


You were on level 10 of the Dungeon.
You worshipped Elyvilon.
Elyvilon was extremely pleased with you.
You visited 2 branches of the dungeon, and saw 11 of its levels.
You also visited: Sewer.

You collected 663 gold pieces.

Inventory:

Hand Weapons
 a - the +9 lance "Wyrmbane" (weapon) {slay drac, rPois rF+ rC+ AC+3}
   (You took it off Maggie on level 8 of the Dungeon)

   It inflicts extra damage against dragons and draconians.
   AC:        It affects your AC (+3).
   rF:        It protects you from fire.
   rC:        It protects you from cold.
   rPois:     It protects you from poison.
 b - the +11 hunting sling of Eternal War {venom, Str+6}
   (You found it on level 5 of the Dungeon)

   Any ammunition fired from it poisons the flesh of those it strikes.
   Str:       It affects your strength (+6).
 l - a +0 morningstar of flaming
 w - a +2 mace of holy wrath
 G - a +1 whip of electrocution
Missiles
 c - 387 stones
 q - 57 poisoned darts (quivered)
 t - 167 arrows
 A - 19 boomerangs
 B - 2 throwing nets
Armour
 d - a +2 hat of intelligence (worn)
 f - a +0 buckler (worn)
 g - a +2 cloak of poison resistance (worn)
 n - a +2 pair of gloves of strength (worn)
 u - a +0 tower shield
 C - a +3 ring mail of cold resistance (worn)
Magical Staves
 h - a staff of air
Jewellery
 e - a ring of willpower (right hand)
 j - a ring of fire
 m - a ring of fire
 o - a +4 ring of protection (left hand)
 E - a ring of willpower
 L - the ring of Gin and Tonic {rCorr Str+6}
   (You found it on level 10 of the Dungeon)

   [ring of strength]

   Str:       It affects your strength (+6).
   rCorr:     It protects you from acid and corrosion.
Wands
 x - a wand of acid (4)
 y - a wand of iceblast (5)
 D - a wand of flame (19)
 I - a wand of digging (11)
 K - a wand of mindburst (15)
Scrolls
 i - 8 scrolls of identify
 r - 5 scrolls of teleportation
 v - 5 scrolls of amnesia
 F - a scroll of enchant armour
Potions
 k - 5 potions of attraction
 p - 6 potions of curing
 s - 2 potions of might
 z - 3 potions of lignification
 H - 3 potions of invisibility
 J - 14 potions of ambrosia


   Skills:
 - Level 6.0 Fighting
 - Level 9.9 Maces & Flails
 * Level 10.6 Polearms
 - Level 6.0 Armour
 - Level 2.1 Dodging
 - Level 2.0 Stealth
 - Level 7.9 Shields
 - Level 2.0 Spellcasting
 - Level 0.7 Transmutations
 - Level 2.1 Earth Magic
 - Level 6.8 Invocations


You had 15 spell levels left.
You didn't know any spells.
Your spell library contained the following spells:

 Spells                   Type           Power      Damage    Failure   Level
 Sandblast                Erth           18%        2d7       13%         1
 Passwall                 Tmut/Erth      5%         N/A       26%         2
 Magic Dart               Conj           4%         1d3       30%         1
 Call Imp                 Summ           1%         N/A       43%         2
 Stone Arrow              Conj/Erth      10%        3d7       52%         3
 Mephitic Cloud           Conj/Pois/Air  1%         N/A       67%         3
 Ozocubu's Armour         Ice            1%         N/A       67%         3
 Petrify                  Tmut/Erth      7%         N/A       86%         4
 Animate Dead             Necr           0%         N/A       97%         4
 Borgnjor's Vile Clutch   Necr/Erth      2%         N/A       99%         5
 Metabolic Englaciation   Hex/Ice        0%         N/A       100%        5
 Death Channel            Necr           0%         N/A       100%        6
 Simulacrum               Ice/Necr       0%         N/A       100%        6


Dungeon Overview and Level Annotations

Branches:
Dungeon (10/15)            Temple (0/1) D:6            Lair (1/6) D:10
    Orc (0/2) D:10          Sewer (visited)

Altars:
Ashenzari
Cheibriados
Elyvilon
Fedhas
Gozag
Makhleb
Nemelex Xobeh
Qazlal
Ru
Sif Muna
Vehumet
Wu Jian
Yredelemnul

Shops:
D:3 :   D:5 *   D:8 [?[

Annotations:
D:3 -Yuiff, Sigmund
Lair:1 Grum


Innate Abilities, Weirdness & Mutations

You have a beak for a mouth.
You have claws for feet.
Your magical nature lets you fly swiftly and evasively.


Message History

The bullfrog hits you but does no damage.
The cane toad stings you!
You closely miss the cane toad.
The cane toad is moderately wounded.
The wolf barely misses you. The bullfrog hits you.
You barely miss the cane toad.
The cane toad is moderately wounded.
You block the wolf's attack.
The cane toad stings you but does no damage.
The bullfrog barely misses you.
You hit the cane toad.
You claw the cane toad, but do no damage.
The cane toad is heavily wounded.
The wolf closely misses you. The cane toad stings you. The bullfrog misses you.
You hit the cane toad.
You claw the cane toad, but do no damage.
The cane toad is heavily wounded.
The wolf closely misses you. The cane toad stings you!
The bullfrog barely misses you.
You puncture the cane toad! You claw the cane toad.
Your peck misses the cane toad.
The cane toad is almost dead.
The wolf closely misses you.
You hit the cane toad.
The cane toad is almost dead.
The wolf bites you but does no damage. The bullfrog hits you.
* * * LOW HITPOINT WARNING * * *
The cane toad stings you!
* * * LOW HITPOINT WARNING * * *
You closely miss the cane toad. You claw the cane toad.
You kill the cane toad!
The wolf bites you!
* * * LOW HITPOINT WARNING * * *
You block the bullfrog's attack. The wolf closely misses you.
The bullfrog hits you but does no damage.
The wolf bites you.
* * * LOW HITPOINT WARNING * * *
The bullfrog hits you.
You die...

#.§§§§§§§.#....#.# #.[≈...≈..#
#..§§§###.#......###..≈÷..≈..#
#.##### #.#...........≈.>.≈..#
#.# #.###)######.÷≈≈≈≈≈..#
#.#######.# #.# #.........#
#.........# #.# #.........#
#.###########'## ########.##
#.####...###...### #.#
##......#.##....@># ### #.#
.....##...#.....Fh######.###.#
......##.#................##.#
.........+.................#.#
......####.........####...##.#
.....## ##.......###........#
##.### ##[.....###.###.####
#.# ##...#.........# #.#
##+######.#####


You could see a wolf and a bullfrog.

Vanquished Creatures
  Gastronok (D:10)
  Harold (D:7)
  A hydra (D:8)
  2 two-headed ogres (D:10)
  Pikel (D:7)
  An ugly thing (D:10)
  Maurice (D:10)
  A cane toad (D:10)
  Maggie (D:8)
  A queen bee (D:9)
  A troll (D:10)
  A hornet (D:10)
  2 wyverns
  9 yaks
  A steam dragon (D:7)
  2 acid dragons
  2 water moccasins
  2 orc warriors
  4 ice beasts
  A sky beast (D:6)
  2 necrophages (D:6)
  A wolf (D:10)
  5 centaurs
  A phantom (D:4)
  3 kobold brigands
  3 bullfrogs
  A gnoll sergeant (D:9)
  2 scorpions (D:5)
  A wyvern skeleton (D:7)
  A wyvern zombie (D:6)
  A water moccasin skeleton (D:3)
  28 killer bees
  3 wights (D:8)
  3 howler monkeys (D:9)
  4 centaur zombies
  2 bullfrog zombies (D:6)
  A bullfrog skeleton (D:7)
  5 hounds
  2 gnoll shamans
  An orc priest (D:7)
  Crazy Yiuf (D:3)
  Jessica (D:3)
  4 orc wizards
  5 iguanas
  A merfolk avatar (Sewer)
  2 merfolk sirens (Sewer)
  2 killer bee zombies (D:6)
  15 gnolls
  A howler monkey skeleton (D:7)
  7 adders
  4 river rats
  An ufetubus (D:4)
  5 worms
  4 dart slugs
  26 orcs
  12 ball pythons
  5 endoplasms
  6 giant cockroaches
  12 goblins
  6 hobgoblins
  10 jackals
  2 quokkas
  5 bats
  10 frilled lizards
  18 kobolds
  29 rats
300 creatures vanquished.

Vanquished Creatures (others)
  A centaur zombie (D:9)
  A plant (D:3)
2 creatures vanquished.

Grand Total: 302 creatures vanquished

Notes
Turn   | Place    | Note
-------+----------+-------------------------------------------
     0 | D:1      | jejorda2 the Tengu Earth Elementalist began the quest for
                  | the Orb.
     0 | D:1      | Reached XP level 1. HP: 10/10 MP: 4/4
   197 | D:1      | Reached skill level 1 in Fighting
   461 | D:1      | Reached XP level 2. HP: 14/16 MP: 6/6
   797 | D:1      | Reached skill level 1 in Armour
  1211 | D:1      | Reached XP level 3. HP: 13/21 MP: 7/7
  1855 | D:2      | Found a faded altar of an unknown god.
  1879 | D:2      | Became a worshipper of Elyvilon the Healer
  1879 | D:2      | Reached * piety under Elyvilon
  2054 | D:2      | Reached XP level 4. HP: 26/27 MP: 8/8
  2442 | D:3      | Reached skill level 1 in Invocations
  2442 | D:3      | Gained mutation: Your magical nature lets you fly swiftly
                  | and evasively. [Tengu growth]
  2442 | D:3      | Reached XP level 5. HP: 10/32 MP: 9/9
  2932 | D:3      | Noticed Sigmund
  3046 | D:3      | Noticed Jessica
  3053 | D:3      | Killed Jessica
  3469 | D:4      | Reached ** piety under Elyvilon
  3676 | D:4      | Reached XP level 6. HP: 29/37 MP: 10/10
  3945 | D:3      | Found a runed translucent door.
  3946 | D:3      | Noticed Crazy Yiuf
  4096 | D:3      | Found Papnuaq's Book Shop.
  4409 | D:5      | Entered Level 5 of the Dungeon
  4409 | D:5      | Found Viomynim's Assorted Antiques.
  4476 | D:4      | Identified a scroll of acquirement
  4476 | D:4      | Acquired a +2 hat of intelligence
  4964 | D:4      | You are sucked into a shaft and drop 1 floor!
  5079 | D:4      | Reached skill level 1 in Polearms
  5192 | D:4      | Found a sparkling altar of Nemelex Xobeh.
  5433 | D:4      | Reached XP level 7. HP: 34/43 MP: 11/11
  5592 | D:4      | Reached skill level 2 in Polearms
  5775 | D:4      | Identified the +10 shortbow of the Extremes {flame, rCorr
                  | Int+2}
  6224 | D:5      | Reached skill level 1 in Maces & Flails
  6344 | D:5      | Reached *** piety under Elyvilon
  6685 | D:5      | Found an opulent altar of Gozag.
  6687 | D:5      | Found a burning altar of Makhleb.
  6708 | D:5      | Found a broken altar of Ashenzari.
  6865 | D:5      | Identified the +11 hunting sling of Eternal War {venom,
                  | Str+6}
  7280 | D:5      | Found a white marble altar of Elyvilon.
  7284 | D:5      | Found a radiant altar of Vehumet.
  7400 | D:3      | Killed Crazy Yiuf
  7558 | D:6      | Reached XP level 8. HP: 47/48 MP: 12/12
  7575 | D:6      | Reached skill level 1 in Shields
  7585 | D:6      | Reached skill level 5 in Armour
  7586 | D:6      | Noticed a yak
  7588 | D:6      | Noticed a yak
  7590 | D:6      | Killed a yak
  7592 | D:6      | Noticed a yak
  7595 | D:6      | Noticed a yak
  7597 | D:6      | Killed a yak
  7598 | D:6      | Reached skill level 5 in Fighting
  7602 | D:6      | Killed a yak
  7607 | D:6      | Killed a yak
  7608 | D:6      | Reached skill level 5 in Maces & Flails
  7614 | D:6      | Reached XP level 9. HP: 36/54 MP: 13/13
  7620 | D:6      | Found a staircase to the Ecumenical Temple.
  7661 | D:6      | Found a glowing drain.
  7692 | Sewer    | Entered a sewer
  8482 | D:6      | Found a basalt altar of Yredelemnul.
  8705 | D:6      | Reached **** piety under Elyvilon
  9403 | D:7      | Found an ornate altar of the Wu Jian Council.
  9445 | D:7      | Reached skill level 5 in Invocations
  9454 | D:7      | Found a blossoming altar of Fedhas.
  9454 | D:7      | Found a stormy altar of Qazlal.
  9470 | D:7      | Noticed Harold
  9495 | D:7      | Killed Harold
  9496 | D:7      | Reached XP level 10. HP: 28/60 MP: 11/15
  9861 | D:7      | Noticed Pikel
  9868 | D:7      | Killed Pikel
  9869 | D:7      | Reached skill level 5 in Shields
 10751 | D:8      | Noticed a five-headed hydra
 10758 | D:8      | Killed a five-headed hydra
 10855 | D:8      | Found Orhoh's Magic Scroll Shoppe.
 10860 | D:8      | Found Macisad's Antique Armour Shoppe.
 10990 | D:8      | Noticed Maggie
 11005 | D:8      | Killed Maggie
 11097 | D:8      | Found Luugroq's Antique Armour Shoppe.
 11560 | D:8      | Found a snail-covered altar of Cheibriados.
 11776 | D:9      | Reached skill level 3 in Polearms
 11804 | D:9      | Reached XP level 11. HP: 31/64 MP: 17/17
 11820 | D:8      | Reached skill level 4 in Polearms
 12169 | D:9      | Found a sacrificial altar of Ru.
 12301 | D:9      | Reached skill level 5 in Polearms
 12802 | D:9      | Reached skill level 6 in Polearms
 13020 | D:10     | Entered Level 10 of the Dungeon
 13046 | D:10     | Noticed Gastronok
 13073 | D:10     | Killed Gastronok
 13074 | D:10     | Reached skill level 8 in Polearms
 13096 | D:10     | Found a staircase to the Lair.
 13118 | D:10     | Found a flagged portal.
 13216 | D:10     | Noticed a two-headed ogre
 13256 | D:10     | Killed a two-headed ogre
 13425 | D:10     | Reached skill level 9 in Polearms
 13635 | D:10     | Reached ***** piety under Elyvilon
 13667 | D:10     | Found a staircase to the Orcish Mines.
 13836 | D:10     | Noticed Maurice
 13848 | D:10     | Killed Maurice
 13872 | D:10     | Noticed a purple ugly thing
 13885 | D:10     | Killed a purple ugly thing
 13979 | D:10     | Found a shimmering blue altar of Sif Muna.
 14008 | D:10     | Identified the ring of Gin and Tonic {rCorr Str+6}
 14108 | D:10     | Noticed a two-headed ogre
 14123 | D:10     | Killed a two-headed ogre
 14124 | D:10     | Reached skill level 10 in Polearms
 14124 | D:10     | Reached XP level 12. HP: 70/70 MP: 18/18
 14366 | Lair:1   | Entered Level 1 of the Lair of Beasts
 14366 | Lair:1   | Noticed Grum
 14390 | D:10     | HP: 3/70 [wolf[Grum] (7)]
 14391 | D:10     | HP: 1/70 [wolf[Grum] (2)]
 14391 | D:10     | Slain by a bullfrog

Illustrated notes

Levels and vault maps discovered:
D:1:      minmay_arrival_open_corners, layout_basic, minmay_tetromino_o4
D:2:      layout_loops_ring, shapermc_ecumenical_altar_totnotflames
D:3:      layout_basic, serial_shops, shop, serial_bayou_pond_e,
          uniq_crazy_yiuf_cottage, uniq_jessica, uniq_sigmund
D:4:      layout_basic, nemelex_spade_bored_becter
D:5:      layout_gridville, minmay_overflow_temple_star_hex, serial_shops, shop
D:6:      layout_rooms, nicolae_yredelemnul_corpse_copse,
          minmay_temple_entry_from_below_a, portal_sewer_entry_a
D:7:      layout_basic, grunt_temple_overflow_forces_of_nature,
          mainiacjoe_overflow_24_doors, uniq_harold, uniq_pikel
D:8:      layout_gridville, general_overflow_altar, serial_shops,
          nicolae_take_the_stairs, nicolae_stop_n_shop_1, shop,
          columned_hall_lemuel, uniq_maggie
D:9:      layout_roguey [special_room_bee], mainiacjoe_overflow_small_starburst,
          lemuel_flamethrower_1
D:10:     layout_loops_corners, mainiacjoe_overflow_alcove_4, lair_entry_dummy,
          orc_0_dummy, enter_bailey_5, uniq_maurice, uniq_gastronok
Lair:1:   layout_long_grid, special_room, uniq_grum

Skill      XL: |  1  2  3  4  5  6  7  8  9 10 11 |
---------------+----------------------------------+-----
Fighting       | 1 2 3 4 5 6 |  6.0
Armour         | 1 2 3 4 5 6 |  6.0
Invocations    | 1 2 3 4 5 6 |  6.8
Polearms       | 1 2 3 10 | 10.6
Maces & Flails | 3 5 8 9 |  9.9
Shields        | 2 4 6 7 |  7.9
Dodging        | |  2.1
Stealth        | |  2.0
Spellcasting   | |  2.0
Transmutations | |  0.7
Earth Magic    | |  2.1

Action                   |  1- 3 |  4- 6 |  7- 9 | 10-12 || total
-------------------------+-------+-------+-------+-------++-------
Melee: Trident           |    44 |       |       |       ||    44
       Kick              |    19 |    45 |    66 |    87 ||   217
       Peck              |    19 |    25 |    48 |    44 ||   136
       War axe           |    84 |   136 |       |       ||   220
       Halberd           |       |    18 |    13 |       ||    31
       Flail             |       |       |   173 |       ||   173
       Mace              |       |       |    26 |       ||    26
       Morningstar       |       |       |    29 |    20 ||    49
       Whip              |       |       |       |    61 ||    61
       Lance             |       |       |       |   281 ||   281
 Fire: Hunting sling     |       |       |    81 |    51 ||   132
Throw: Dart              |       |       |       |     4 ||     4
 Cast: Sandblast         |     2 |       |       |       ||     2
Invok: Lesser Healing    |       |    12 |       |       ||    12
       Greater Healing   |       |       |     1 |     2 ||     3
Evoke: Wand              |       |     1 |       |     2 ||     3
  Use: Scroll            |       |    11 |     5 |     9 ||    25
       Potion            |       |       |     3 |     2 ||     5
Armor: Plate armour      |   157 |   154 |       |       ||   311
       Chain mail        |       |    15 |   227 |       ||   242
       Ring mail         |       |       |       |   152 ||   152
Dodge: Dodged            |    26 |    54 |    69 |   183 ||   332
Block: Tower shield      |       |       |   170 |       ||   170
       Buckler           |       |       |       |    67 ||    67
